 Dungeon Crawl Stone Soup version 0.30.1-10-g1249ef9ec4 (webtiles) character file.

Game seed: 6548910520418444410

8 lonewolfV2 the Trooper (level 2, 0/24 HPs)
             Began as a Demonspawn Fighter on Oct 26, 2023.
             Slain by a goblin
             ... wielding a +0 club
              (3 damage)
             ... on level 1 of the Dungeon.
             The game lasted 00:00:28 (107 turns).

lonewolfV2 the Trooper (Demonspawn Fighter)          Turns: 107, Time: 00:00:28

Health: 0/24       AC:  6    Str: 16    XL:     2   Next: 0%
Magic:  2/2        EV:  9    Int:  9    God:
Gold:   10         SH:  4    Dex: 12    Spells: 1/1 levels left

rFire   . . .        a - +0 war axe
rCold   . . .        c - +0 buckler
rNeg    . . .        b - +0 scale mail
rPois   .            (helmet restricted)
rElec   .            (no cloak)
rCorr   .            (no gloves)
SInv    .            (no boots)
Will    .....        (no amulet) Stlth
                     (no ring)
HPRegen 0.24/turn    (no ring)
MPRegen 0.08/turn

%: no passive effects
@: mighty
A: antennae 1
a: no special abilities


You were on level 1 of the Dungeon.
You visited 1 branch of the dungeon, and saw 1 of its levels.

You collected 10 gold pieces.

Inventory:

Hand Weapons
 a - a +0 war axe (weapon)
Armour
 b - a +0 scale mail (worn)
 c - a +0 buckler (worn)


   Skills:
 - Level 3.0 Fighting
 - Level 1.7 Axes
 + Level 2.9 Armour
 * Level 1.1 Dodging
 - Level 2.6 Shields


You had one spell level left.
You didn't know any spells.
Your spell library was empty.

Dungeon Overview and Level Annotations

Branches:
Dungeon (1/15)

Altars:


Innate Abilities, Weirdness & Mutations

You have a pair of small antennae on your head.


Message History

The dart slug launches a dart at you. The slug dart hits you.
A goblin comes into view. It is wielding a +0 spear.
The kobold closely misses you.
The goblin moves out of view.
Unknown command.
The kobold hits you but does no damage.
You hit the kobold.
The kobold is severely wounded.
You block the kobold's attack. The kobold hits you with a +0 dagger.
You completely miss the kobold.
The kobold is heavily wounded.
You hit the dart slug. The dart slug completely misses you.
The kobold hits you with a +0 dagger.
You slash the kobold!
You kill the kobold!
You hit the dart slug. You closely miss the goblin.
The goblin drinks a potion.
The goblin flickers and vanishes!
Deactivating autopickup; reactivate with Ctrl-A.
The dart slug launches a dart at you.
The slug dart hits you but does no damage.
The goblin hits you but does no damage. Something hits you.
You hit the dart slug.
You kill the dart slug!
You closely miss something.
The goblin hits you from afar with a +0 spear.
Something hits you.
* * * LOW HITPOINT WARNING * * *
Your Dodging skill increases to level 1!
You have reached level 2!
Your demonic ancestry asserts itself...
A pair of antennae grows on your head! Something hits you but does no damage.
The goblin hits you with a +0 spear.
* * * LOW HITPOINT WARNING * * *
You see here a dart slug corpse.
You barely miss something. You closely miss the goblin. Something hits you.
* * * LOW HITPOINT WARNING * * *
The goblin barely misses you.
You feel very mighty all of a sudden. Something hits you.
You die...

## .# .. .. #.
.# #. .#
#g##.##
######{@...####
........)#....#
#######....##.#
# #........# .
#..#.###.#
#.#..#.# #.#
#.#..#.# #.#
#......# #.#
###......#
#.####


You could see a goblin.

Vanquished Creatures
  A dart slug (D:1)
  2 hobgoblins (D:1)
  A kobold (D:1)
  A ball python (D:1)
  A bat (D:1)
6 creatures vanquished.

Notes
Turn   | Place    | Note
-------+----------+-------------------------------------------
     0 | D:1      | lonewolfV2 the Demonspawn Fighter began the quest for the
                  | Orb.
     0 | D:1      | Reached XP level 1. HP: 18/18 MP: 1/1
   105 | D:1      | Reached skill level 1 in Dodging
   105 | D:1      | Gained mutation: You have a pair of small antennae on your
                  | head. [demonic ancestry]
   105 | D:1      | Reached XP level 2. HP: 4/24 MP: 2/2
   107 | D:1      | Slain by a goblin

Illustrated notes

Levels and vault maps discovered:
D:1:      heliophobic_arrival_battle_scene, layout_loops_ring,
          minmay_misc_feat_rugged, kennysheep_flooded_box,
          minmay_misc_feat_diagonals, dk_noncrumbling_4

Skill      XL: |  1 |
---------------+----+-----
Dodging        | 1 |  1.1
Fighting       | |  3.0
Axes           | |  1.7
Armour         | |  2.9
Shields        | |  2.6

Action                     || total
---------------------------++-------
  Melee: War axe           ||    13
    Use: Potion            ||     1
 Armour: Scale mail        ||    12
  Dodge: Dodged            ||     7
  Block: Buckler           ||     4
